 Dungeon Crawl Stone Soup version 0.26-a0-597-gb535b0901c (webtiles) character file.

Game seed: 10002833671484318437

5411 MrRokkomies the Frost Mage (level 10, -1/59 HPs)
             Began as a Deep Elf Ice Elementalist on Aug 27, 2020.
             Was a High Priest of Sif Muna.
             Slain by a vampire (10 damage)
             ... on level 10 of the Dungeon.
             The game lasted 00:24:57 (13367 turns).

MrRokkomies the Frost Mage (DEIE)                  Turns: 13367, Time: 00:24:58

Health: -1/59      AC:  4    Str:  5    XL:     10   Next: 40%
Magic:  18/19      EV: 18    Int: 24    God:    Sif Muna [*****.]
Gold:   597        SH:  5    Dex: 15    Spells: 4/19 levels left

rFire    x . .     SeeInvis .   G - +3 flail (protect)
rCold    + . .     Faith    +   y - +0 buckler
rNeg     . . .     Spirit   .   k - +0 robe
rPois    .         Reflect  .   (no helmet)
rElec    .         Harm     .   (no cloak)
rCorr    .                      t - +0 pair of gloves
MR       +....                  g - +0 pair of boots
Stlth    ++........             L - amulet of faith
HPRegen  0.19/turn              w - ring of wizardry
MPRegen  0.16/turn              K - ring of ice

@: no status effects
A: no striking features
a: Channel Magic, Forget Spell, Divine Exegesis, Renounce Religion


You were on level 10 of the Dungeon.
You worshipped Sif Muna.
Sif Muna was extremely pleased with you.
You visited 1 branch of the dungeon, and saw 10 of its levels.

You collected 646 gold pieces.
You spent 49 gold pieces at shops.

Inventory:

Hand Weapons
 a - a +1 dagger of venom
 d - a +0 dagger
 s - a +2 dagger of speed
 x - a +1 falchion of draining
 F - the +4 hunting sling "Golink" {vorpal, MR+}
   (You found it on level 10 of the Dungeon)

   Any stone fired from it inflicts extra damage.
   It affects your resistance to hostile enchantments.
 G - a +3 flail of protection (weapon)
Missiles
 e - 46 poisoned darts (quivered)
 A - a throwing net
Armour
 g - a +0 pair of boots (worn)
 k - a +0 robe (worn)
 t - a +0 pair of gloves (worn)
 y - a +0 buckler (worn)
Jewellery
 n - an uncursed amulet of reflection
 w - a ring of wizardry (left hand)
 K - a ring of ice (right hand)
 L - an amulet of faith (around neck)
Wands
 o - a wand of acid (5)
 p - a wand of random effects (23)
 r - a wand of flame (21)
 B - a wand of iceblast (16)
 J - a wand of paralysis (9)
Scrolls
 b - 9 scrolls of teleportation
 q - a scroll of fear
 v - 4 scrolls of remove curse
 D - 3 scrolls of identify
 E - a scroll of fog
 H - a scroll of summoning {unknown}
Potions
 c - a potion of heal wounds {unknown}
 f - a potion of resistance
 h - 3 potions of might
 i - a potion of lignification {unknown}
 l - 3 potions of brilliance {unknown}
 m - 2 potions of flight {unknown}
 u - 2 potions of mutation {unknown}
 z - a potion of ambrosia {unknown}
 C - a potion of magic {unknown}
 I - a potion of haste {unknown}


   Skills:
 + Level 5.2 Fighting
 * Level 8.6 Dodging
 - Level 2.4 Stealth
 - Level 4.0 Shields
 - Level 5.0 Spellcasting
 * Level 11.0 Ice Magic
 + Level 5.8 Invocations


You had 4 spell levels left.
You knew the following spells:

 Your Spells              Type           Power        Failure   Level
a - Freeze                Ice            ####         1%          1
b - Frozen Ramparts       Ice            ######       1%          3
c - Ozocubu's Armour      Ice            ######..     1%          3
d - Summon Ice Beast      Ice/Summ       #####...     3%          4
e - Hailstorm             Conj/Ice       #####...     3%          4

Your spell library contained the following spells:

 Spells                   Type           Power        Failure   Level
 Ensorcelled Hibernation  Hex/Ice        #####.       1%          2
 Corona                   Hex            #......      3%          1
 Foxfire                  Conj/Fire      #...         3%          1
 Poisonous Vapours        Pois/Air       #.....       5%          2
 Confusing Touch          Hex            #.......     11%         3
 Conjure Flame            Conj/Fire      #.......     11%         3
 Dazzling Flash           Conj/Hex       #.....       11%         3
 Inner Flame              Hex/Fire       #.......     11%         3
 Static Discharge         Conj/Air       #.......     11%         3
 Tukima's Dance           Hex            #.......     11%         3
 Sticky Flame             Conj/Fire      #.......     32%         4
 Summon Lightning Spire   Summ/Air       #.......     32%         4
 Bolt of Magma            Conj/Fire/Erth #.........   65%         5
 Fireball                 Conj/Fire      #.........   65%         5
 Orb of Destruction       Conj           #.........   100%        7


Dungeon Overview and Level Annotations

Branches:
Dungeon (10/15)            Temple (0/1) D:5            Lair (0/6) D:8
    Orc: D:9-12

Altars:
Nemelex Xobeh
Okawaru
Ru
Sif Muna
Uskayaw
Vehumet
Xom

Shops:
D:5 ?


Message History

You assume a fearsome visage.
Nothing appears to happen.
Something closely misses you. Something bites you.
* * * LOW HITPOINT WARNING * * *
Something draws strength from your injuries!
Unknown command.
You feel better. Something hits you!
* * * LOW HITPOINT WARNING * * *
Something barely misses you.
You feel better. Something closely misses you. Something bites you!
* * * LOW HITPOINT WARNING * * *
Something draws strength from your injuries!
Okay, then.
Unknown command.
Unknown command.
Okay, then.
Unknown command.
You feel better. Something hits you.
* * * LOW HITPOINT WARNING * * *
Something bites you!
You die...

..............#
.............#
.............#
.............#
............#
............#
####.......#
#### #.......#
#...##@......#
#...{......#
##.#.......#
###.......#
#.......#
#.......#
#.......#
#......<#
.......


There were no monsters in sight!

Vanquished Creatures
  A two-headed ogre (D:9)
  Joseph (D:7)
  3 orc warriors
  An ice beast (D:6)
  2 sky beasts
  4 ogres
  A wolf (D:10)
  3 centaurs
  4 bullfrogs
  5 gnoll sergeants
  3 scorpions
  A wyvern skeleton (D:9)
  A troll zombie (D:10)
  3 killer bees (D:7)
  2 wights (D:7)
  2 howler monkeys
  An electric eel (D:9)
  A centaur zombie (D:5)
  2 quasits
  8 orc wizards
  7 orc priests
  A bullfrog skeleton (D:8)
  A gnoll shaman (D:10)
  7 hounds
  A jelly (D:9)
  A centaur skeleton (D:4)
  3 iguanas
  5 worker ants
  An ogre zombie (D:10)
  A hound zombie (D:10)
  A hound skeleton (D:5)
  A howler monkey zombie (D:6)
  A worker ant zombie (D:7)
  11 adders
  20 gnolls
  A howler monkey skeleton (D:8)
  3 shadow imps
  A nameless horror (D:7)
  An ufetubus (D:9)
  An ooze (D:2)
  An adder zombie (D:7)
  2 adder skeletons
  4 worms
  6 dart slugs
  4 leopard geckos
  34 orcs
  A ball python (D:2)
  6 bats
  6 giant cockroaches
  5 goblins
  6 hobgoblins
  17 jackals
  5 quokkas
  6 frilled lizards
  2 goblin zombies (D:10)
  A hobgoblin zombie (D:10)
  8 kobolds
  2 leopard gecko skeletons
  A leopard gecko zombie (D:4)
  4 orc zombies (D:10)
  12 rats
  A butterfly (D:4)
252 creatures vanquished.

Vanquished Creatures (collateral kills)
  A hippogriff (D:10)
  A wyvern (D:10)
  A water moccasin (D:10)
  An orc warrior (D:9)
  A sky beast (D:8)
  A wight (D:7)
  2 hounds (D:10)
  An orc priest (D:8)
  2 orc wizards
  3 ogre zombies (D:10)
  4 gnolls (D:10)
  A white imp (D:7)
  5 orcs
  A quokka (D:8)
25 creatures vanquished.

Grand Total: 277 creatures vanquished

Notes
Turn   | Place    | Note
-------+----------+-------------------------------------------
     0 | D:1      | MrRokkomies the Deep Elf Ice Elementalist began the quest
                  | for the Orb.
     0 | D:1      | Reached XP level 1. HP: 10/10 MP: 6/6
   579 | D:1      | Reached XP level 2. HP: 15/15 MP: 6/8
  1246 | D:1      | Reached XP level 3. HP: 19/20 MP: 4/9
  1499 | D:1      | Learned a level 3 spell: Frozen Ramparts
  1503 | D:1      | Learned a level 3 spell: Ozocubu's Armour
  1917 | D:2      | Found a shimmering blue altar of Sif Muna.
  1920 | D:2      | Became a worshipper of Sif Muna the Loreminder
  2291 | D:2      | Reached skill level 5 in Ice Magic
  2531 | D:2      | Found a hide-covered altar of Uskayaw.
  2537 | D:2      | Reached XP level 4. HP: 24/24 MP: 4/11
  2625 | D:2      | Found a sacrificial altar of Ru.
  2668 | D:2      | Reached skill level 1 in Fighting
  2779 | D:2      | Found a radiant altar of Vehumet.
  3249 | D:3      | Reached * piety under Sif Muna
  3294 | D:3      | Reached XP level 5. HP: 28/29 MP: 7/12
  4440 | D:4      | Learned a level 4 spell: Summon Ice Beast
  4503 | D:4      | Found an iron altar of Okawaru.
  4525 | D:4      | Reached XP level 6. HP: 34/34 MP: 10/14
  4537 | D:4      | Reached skill level 5 in Dodging
  4539 | D:4      | Got a buzzing hand axe
  4540 | D:4      | Identified the +2 hand axe of Demonkind {vorpal, Dex+2}
                  | (You found it on level 4 of the Dungeon)
  4671 | D:4      | Reached skill level 6 in Ice Magic
  4941 | D:4      | Found a shimmering altar of Xom.
  4946 | D:4      | Reached ** piety under Sif Muna
  5256 | D:4      | Reached skill level 5 in Spellcasting
  5598 | D:4      | Reached XP level 7. HP: 36/40 MP: 16/16
  5644 | D:5      | Entered Level 5 of the Dungeon
  5644 | D:5      | Found Xuywuen's Magic Scroll Shop.
  5650 | D:5      | Learned a level 4 spell: Hailstorm
  5652 | D:5      | Bought a scroll of fear for 49 gold pieces
  5964 | D:5      | Reached skill level 7 in Ice Magic
  5968 | D:5      | Reached skill level 1 in Invocations
  6187 | D:5      | Found a staircase to the Ecumenical Temple.
  6913 | D:5      | Reached XP level 8. HP: 46/46 MP: 11/17
  7344 | D:6      | Reached *** piety under Sif Muna
  7425 | D:6      | Reached skill level 8 in Ice Magic
  7795 | D:6      | Reached skill level 1 in Shields
  7991 | D:7      | Noticed Joseph
  8012 | D:7      | Killed Joseph
  8283 | D:7      | Reached skill level 9 in Ice Magic
  8283 | D:7      | Reached XP level 9. HP: 39/52 MP: 11/18
  8899 | D:7      | Found a sparkling altar of Nemelex Xobeh.
 10022 | D:8      | Reached **** piety under Sif Muna
 10293 | D:8      | Reached skill level 10 in Ice Magic
 10413 | D:8      | Found a staircase to the Lair.
 11055 | D:9      | Reached skill level 5 in Invocations
 11316 | D:9      | Noticed a two-headed ogre
 11328 | D:9      | Killed a two-headed ogre
 11328 | D:9      | Reached XP level 10. HP: 58/58 MP: 4/19
 12006 | D:10     | Entered Level 10 of the Dungeon
 12101 | D:10     | Got a polished hunting sling
 12102 | D:10     | Identified the +4 hunting sling "Golink" {vorpal, MR+} (You
                  | found it on level 10 of the Dungeon)
 12141 | D:10     | Reached skill level 5 in Fighting
 12178 | D:10     | Reached ***** piety under Sif Muna
 12292 | D:10     | Identified Sif Muna's Catalogue of Excruciating Feathers
                  | (Sif Muna gifted it to you on level 10 of the Dungeon)
 12292 | D:10     | Received a gift from Sif Muna
 12723 | D:10     | Reached skill level 11 in Ice Magic
 13367 | D:10     | Slain by a vampire

Illustrated notes

Levels and vault maps discovered:
D:1:      minmay_arrival_four_circles, layout_loops_ring, serial_forest,
          infiniplex_forest_clump_tiny, infiniplex_forest_lined_3,
          infiniplex_forest_lined_corner, infiniplex_forest_join,
          infiniplex_forest_end_2, infiniplex_forest_lined_room_2,
          infiniplex_forest_straight_2, infiniplex_forest_fountain,
          minmay_octomino_j4
D:2:      layout_rooms, lemuel_crystal_altar,
          chequers_temple_overflow_statue_of_worship, grunt_ministairs_4,
          chequers_serial_rivers_micro_b, chequers_serial_rivers_large_a,
          hangedman_decor_riveting, lemuel_blue_sif_altar
D:3:      layout_basic
D:4:      layout_basic, xom_butterflies, okawaru_metal_pillars_3
D:5:      layout_loops_ring, minmay_temple_entry_tees, serial_shops,
          nicolae_shop_stone
D:6:      layout_basic
D:7:      layout_gridville, kennysheep_little_box, item_on_display_a,
          uniq_joseph
D:8:      layout_cave_pods, lair_entry_dummy, kennysheep_decorative_pillar
D:9:      layout_basic
D:10:     layout_big_octagon, zombieorc1_lemuel, serial_gnoll_camp,
          gnoll_camp_huts_basic, gnoll_camp_mini_loothouse, gnoll_camp_mini_hut,
          gnoll_camp_mini_house, gnoll_camp_mini_house

Skill      XL: |  1  2  3  4  5  6  7  8  9 10 |
---------------+-------------------------------+-----
Dodging        | 3 4 5 6 7 8 |  8.6
Ice Magic      | 5 6 7 9 10 11 | 11.0
Fighting       | 1 2 3 4 5 |  5.2
Spellcasting   | 4 5 |  5.0
Invocations    | 2 3 5 |  5.8
Shields        | 2 4 |  4.0
Stealth        | |  2.4

Action                   |  1- 3 |  4- 6 |  7- 9 | 10-12 || total
-------------------------+-------+-------+-------+-------++-------
Melee: Dagger            |    90 |   194 |    27 |    41 ||   352
       Flail             |       |       |   222 |    83 ||   305
Throw: Dart              |       |     5 |    31 |     1 ||    37
 Cast: Freeze            |    41 |    17 |    24 |     3 ||    85
       Frozen Ramparts   |     3 |    16 |    31 |    12 ||    62
       Ozocubu's Armour  |       |     1 |     7 |       ||     8
       Summon Ice Beast  |       |       |    20 |    16 ||    36
       Hailstorm         |       |       |       |     3 ||     3
Evoke: Wand              |       |       |     3 |       ||     3
  Use: Scroll            |     3 |     3 |     5 |     2 ||    13
       Potion            |       |       |       |     6 ||     6
 Stab: Sleeping          |     3 |     9 |     1 |       ||    13
Armor: Robe              |    28 |    15 |    66 |    23 ||   132
Dodge: Dodged            |    90 |    98 |   206 |   108 ||   502
Block: Other             |       |    35 |    25 |       ||    60
       Reflection        |       |     2 |     7 |     3 ||    12
       Buckler           |       |       |   106 |    90 ||   196

Table legend: (Time is in decaauts)
 A = Elapsed time spent in this place.
 B = Non-inter-level travel time spent in this place.
 C = Inter-level travel time spent in this place.
 D = Time resting spent in this place.
 E = Time spent auto-exploring this place.
 F = Levels seen in this place.
 G = Mean time per level.
                   A        B        C        D        E       F      G
               +--------+--------+--------+--------+--------+-----+--------+
         Total |  13424 |  13177 |    247 |   1326 |   9793 |  10 | 1342.4 |
       Dungeon |  13424 |  13177 |    247 |   1326 |   9793 |  10 | 1342.4 |
               +--------+--------+--------+--------+--------+-----+--------+

Top non-repeatable levels by time:
     D:1: 1698 daAuts
     D:8: 1527 daAuts
     D:5: 1516 daAuts
     D:7: 1428 daAuts
     D:2: 1412 daAuts
    D:10: 1389 daAuts
     D:3: 1296 daAuts
     D:9: 1196 daAuts
     D:4: 1180 daAuts
     D:6: 778 daAuts
